 Dungeon Crawl Stone Soup version 0.17.1-2-g5865329 (webtiles) character file.

20 Lisek the Grave Robber (level 3, -1/24 HPs)
             Began as a Human Necromancer on Jan 27, 2016.
             Slain by Robin
             ... wielding a +0 dagger
              (4 damage)
             ... on level 1 of the Dungeon.
             The game lasted 00:17:09 (656 turns).

Lisek the Grave Robber (Human Necromancer)           Turns: 656, Time: 00:17:09

Health: -1/24      AC:  6    Str:  8    XL:     3   Next: 0%
Magic:  1/6        EV: 10    Int: 16    God:
Gold:   16         SH:  0    Dex: 13    Spells: 2 memorised, 4 levels left

rFire  . . .     SeeInvis .     k - +0 dagger (speed)
rCold  . . .     Clarity  .     h - +0 ring mail
rNeg   . . .     SustAt   .     (no shield)
rPois  .         Gourm    .     (no helmet)
rElec  .         Spirit   .     m - +0 cloak
rCorr  .         Warding  .     (no gloves)
rMut   .         Stasis   .     (no boots)
MR     .....                    (no amulet)
Stlth  +.........               (no ring)
                                (no ring)

@: very slightly contaminated, not resistant to hostile enchantments, very
unstealthy
A: no striking features
a: no special abilities


You were on level 1 of the Dungeon.
You were full.

You visited 1 branch of the dungeon, and saw 2 of its levels.

You collected 16 gold pieces.

Inventory:

Hand Weapons
 f - a +0 short sword
 k - a +0 dagger of speed (weapon)
Armour
 a - a +0 robe
 c - a +0 scale mail
 e - a +0 robe
 h - a +0 ring mail (worn)
 m - a +0 cloak (worn)
Jewellery
 d - an uncursed ring of protection from magic {unknown}
Scrolls
 i - a scroll of immolation {unknown}
 n - a scroll of blinking {unknown}
Potions
 j - 4 potions of curing {unknown}
Books
 b - a book of Necromancy

   Spells                             Type                      Level
   a - Pain                           Necromancy                   1
   b - Animate Skeleton               Necromancy                   1
   c - Vampiric Draining              Necromancy                   3
   d - Regeneration                   Charms/Necromancy            3
   e - Animate Dead                   Necromancy                   4
   f - Control Undead                 Necromancy                   4
Comestibles
 g - 2 chunks of flesh


   Skills:
 + Level 2.2 Dodging
 + Level 2.0 Stealth
 + Level 2.1 Spellcasting
 + Level 4.5 Necromancy


You had 4 spell levels left.
You knew the following spells:

 Your Spells              Type           Power        Failure   Level  Hunger
a - Pain                  Necr           ###.         12%         1    #......
b - Animate Skeleton      Necr           N/A          12%         1    #......


Dungeon Overview and Level Annotations

Branches:
Dungeon (2/15)

Altars:

Annotations:
D:1 Robin


Message History

You don't have enough magic to cast that spell.
Your goblin skeleton hits Robin with a club.
Robin barely misses your goblin skeleton.
Robin hits your goblin skeleton with a dagger.
Your goblin skeleton hits Robin with a club.
Robin hits your goblin skeleton with a dagger.
Your goblin skeleton completely misses Robin.
Robin hits your goblin skeleton with a dagger.
Your goblin skeleton is destroyed!
Casting: Pain
Confirm with . or Enter, or press ? or * to list all spells.
Aiming: Pain
Press: ? - help, Shift-Dir - straight line, f/p - Robin
Aim: Robin, wielding a dagger, wearing an animal skin and wearing a smoking helmet (severely wounded, chance to defeat MR: 81%) Robin is unaffected.
Robin hits you but does no damage.
Robin says, "We wiped out the hill dwarves - you're next!"
Robin closely misses you. Robin hits you but does no damage.
Robin hits you with a dagger.
You die...

≈≈..##+#..≈≈≈≈..#.* ****,*,*,**
§..###.##......##*****,,,,,,,,***
#..'.><.+......#**,**,>*****,,,,*
#..###.##...####*,,,,,** ****,,,,
#...##+#,...# **,*,,****,,,,,,,
..#....,,*.## ***,,,,,,,,***,*
.#..####**,* ####,,*****,* ***
...## *,*** ##..#,,,** *,*
....#####*,*,**#@g##,*,,***,*
.........,,,,,*#.##*,**,,**,*
#.######.,**,**#.# *,***,**,*
#)#####..#****##.# *,* *,,,,*
#.......#######..###,* #######
#.............#.##..,* #g....#
#.###...........##.#** #.....#
......#########.##.# #>....#
..##### ######.%#.#####.....#


You could see Robin.

Vanquished Creatures
  A giant gecko (D:1)
  2 bats (D:1)
  3 hobgoblins (D:1)
  2 kobolds (D:1)
  A giant cockroach (D:1)
  4 goblins (D:1)
  3 rats (D:1)
16 creatures vanquished.

Vanquished Creatures (collateral kills)
  A bat (D:1)
  A ball python (D:1)
  A kobold (D:1)
3 creatures vanquished.

Grand Total: 19 creatures vanquished

Notes
Turn   | Place    | Note
--------------------------------------------------------------
     0 | D:1      | Lisek the Human Necromancer began the quest for the Orb.
     0 | D:1      | Reached XP level 1. HP: 13/13 MP: 3/3
    15 | D:1      | Learned a level 1 spell: Animate Skeleton
   232 | D:1      | Reached XP level 2. HP: 5/19 MP: 3/5
   590 | D:2      | Noticed Robin
   605 | D:1      | Reached XP level 3. HP: 1/24 MP: 0/6
   656 | D:1      | Slain by Robin

Action                   || total
-------------------------++-------
Melee: Short sword       ||     5
       Dagger            ||     1
 Cast: Pain              ||    29
       Animate Skeleton  ||     7
  Use: Scroll            ||     2
       Potion            ||     1
  Eat: Bread ration      ||     1
